AoeStats
← SirWuerde

Glade

510372703Analyzed
1v1 RM · 1d ago on Sep 30, 2026· 34m 24s· 2 players
Game mode
Random Map
Map size
Tiny (2 player)
Population
200
Speed
Normal
Resources
Standard
Victory
Conquest
Starting age
Dark Age
Ending age
Imperial Age
RankedLock teamsTeams togetherTeam positionsShared explorationLock speedFull tech treeHidden civsTurbo modeCheats
Victory
Defeat
🇩🇪 Turks · Germany
610
+18
🇨🇱 Khmer · Chile
643
-18
SirWuerde
6:38 Loom
12:45 Feudal Age
14:08 Wheelbarrow
13:45 Gold Mining
14:32 Stone Mining
14:33 Double-Bit Axe
21:12 Castle Age
19:39 Horse Collar
21:10 Man-at-Arms
21:36 Arson
22:07 Scale Mail Armor
22:26 Heavy Plow
23:18 Bow Saw
25:14 Bloodlines
25:06 Husbandry
25:42 Long Swordsman
26:25 Squires
27:17 Chain Mail Armor
28:15 Fletching
28:32 Scale Barding Armor
28:39 Forging
30:39 Hand Cart
33:17 Bodkin Arrow
Sisu.sukha
8:33 Loom
10:54 Feudal Age
11:49 Stone Mining
14:17 Wheelbarrow
16:34 Town Watch
20:49 Castle Age
19:18 Scale Barding Armor
20:00 Gold Mining
22:28 Fletching
29:19 Pikeman
30:05 Scale Mail Armor
30:15 Forging
30:37 Bodkin Arrow
Connection lost

Rejoining the realm…

Still unreachable

The connection could not be restored.

Session expired

The server has moved on; the page needs a fresh start.